 Dungeon Crawl Stone Soup version 0.31-a0-1074-g0b22e4e0f1 (webtiles) character file.

Game seed: 14114640224047012506

1359 Lobster4 the Mimic (level 8, -12/58 HPs)
             Began as a Merfolk Shapeshifter on Nov 27, 2023.
             Was an Initiate of Sif Muna.
             Mangled by Crazy Yiuf
             ... wielding a +3 quarterstaff of chaos
              (13 damage)
             ... on level 4 of the Dungeon.
             The game lasted 00:19:20 (6588 turns).

Lobster4 the Mimic (Merfolk Shapeshifter)           Turns: 6588, Time: 00:19:21

Health: -12/58     AC:  5    Str: 22    XL:     8   Next: 64%
Magic:  10/10      EV: 17    Int:  9    God:    Sif Muna [......]
Gold:   301        SH:  0    Dex: 14    Spells: 7/7 levels left

rFire   . . .        b - +0 sling
rCold   . . .        (no shield)
rNeg    . . .        l - +0 ring mail
rPois   .            o - melded +0 helmet
rElec   .            y - melded +0 cloak
rCorr   .            (gloves currently unavailable)
SInv    .            (boots currently unavailable)
Will    .....        (no amulet)
Stlth   +            E - +5 ring of evasion
HPRegen 0.29/turn    m - +6 ring of strength
MPRegen 0.12/turn

%: no passive effects
@: beast-form
A: beast (slay +4), (nimble swimmer 2), mertail
a: Begin Untransformation, Renounce Religion


You were on level 4 of the Dungeon.
You worshipped Sif Muna.
Sif Muna was noncommittal.
You were a hulking beast.
You visited 2 branches of the dungeon, and saw 6 of its levels.

You collected 301 gold pieces.

Inventory:

Hand Weapons
 a - a +5 club
 b - a +0 sling (weapon)
 g - a +0 whip
 x - a +0 spear
 A - a +0 rapier
Missiles
 e - 43 stones
 h - 3 poisoned darts
Armour
 l - a +0 ring mail (worn)
 n - a +0 leather armour
 o - a +0 helmet (melded)
 y - a +0 cloak (melded)
Magical Staves
 j - a staff of conjuration
Jewellery
 m - a +6 ring of strength (right hand)
 C - a ring of positive energy
 E - a +5 ring of evasion (left hand)
Talismans
 c - a beast talisman (active)
 d - a flux talisman
Scrolls
 f - a scroll of fog
 u - 2 scrolls of teleportation
 F - 2 scrolls of identify
 G - a scroll of immolation {unknown}
Potions
 i - 3 potions of curing
 k - a potion of invisibility {unknown}
 p - a potion of magic {unknown}
 q - 2 potions of lignification
 r - 2 potions of ambrosia {unknown}
 s - 2 potions of brilliance {unknown}
 t - a potion of resistance {unknown}
 v - a potion of might {unknown}
 w - 2 potions of haste
 z - 2 potions of enlightenment
 B - a potion of heal wounds {unknown}
 D - 2 potions of attraction {unknown}


   Skills:
 - Level 3.0 Fighting
 - Level 3.0 Dodging
 - Level 6.0 Unarmed Combat
 - Level 3.0 Invocations
 * Level 10.6 Shapeshifting


You had 7 spell levels left.
You didn't know any spells.
Your spell library contained the following spells:

 Spells                   Type           Power      Damage    Failure   Level
 Apportation              Tloc           0%         N/A       54%         1
 Necrotise                Necr           0%         1d4       54%         1
 Summon Small Mammal      Summ           0%         N/A       54%         1
 Blink                    Tloc           0%         N/A       69%         2
 Inner Flame              Hex/Fire       0%         N/A       89%         3
 Flame Wave               Conj/Fire      0%         2d4       100%        4
 Manifold Assault         Tloc           0%         N/A       100%        4
 Sticky Flame             Conj/Fire      0%         2d3       100%        4
 Summon Ice Beast         Ice/Summ       0%         N/A       100%        4
 Summon Mana Viper        Hex/Summ       0%         N/A       100%        5
 Monstrous Menagerie      Summ           0%         N/A       100%        7


Dungeon Overview and Level Annotations

Branches:
Dungeon (5/15)             Temple (1/1) D:4

Altars:
Ashenzari
Cheibriados
Dithmenos
Fedhas
Gozag
Hepliaklqana
Makhleb
Nemelex Xobeh
Okawaru
Qazlal
Ru
Sif Muna
Trog
Vehumet
Wu Jian
Xom
Yredelemnul
Zin
The Shining One

Annotations:
D:4 Crazy Yiuf


Innate Abilities, Weirdness & Mutations

You are a hulking beast.
Your limbs bulge with bestial killing power. (Slay +4)
((You are very nimble when in or above water. (Stealth+, EV+, Speed+++)))
Your lower body shifts to a powerful aquatic tail in water.


Message History

You start waiting.
Crazy Yiuf is nearby!
You shoot a sling bullet. The sling bullet hits Crazy Yiuf.
Crazy Yiuf is moderately wounded.
You shoot a sling bullet. The sling bullet hits Crazy Yiuf.
Crazy Yiuf is heavily wounded.
Your extra speed is starting to run out.
You start waiting.
Crazy Yiuf is nearby!
You shoot a sling bullet.
The sling bullet closely misses Crazy Yiuf.
You feel yourself slow down.
You start waiting.
Crazy Yiuf is nearby!
You shoot a sling bullet.
The sling bullet closely misses Crazy Yiuf.
Crazy Yiuf flaps his cloak.
Crazy Yiuf cries, "Scoff!"
Crazy Yiuf says, "Aardvark song shrimp!"
Crazy Yiuf grits, "East!"
Crazy Yiuf yells, "Citrus!
Buddy sizzlefizz ragdoll."
Crazy Yiuf yells, "Liver!
Goldfish mumblescurry illywillydillykilly."
Crazy Yiuf laughs, "Two childish sing-song!"
Crazy Yiuf screams, "Iron!
Earwax mumblescurry eyeball."
There is a stone staircase leading up, spattered with blood here.
Crazy Yiuf hits you with a +3 quarterstaff of chaos!
You climb upwards.
There is a stone staircase leading down here.
Crazy Yiuf attacks as he pursues you!
Crazy Yiuf hits you with a +3 quarterstaff of chaos!
Crazy Yiuf burns you. Crazy Yiuf attacks as he pursues you!
Crazy Yiuf hits you with a +3 quarterstaff of chaos!
Crazy Yiuf burns you.
* * * LOW HITPOINT WARNING * * *
Crazy Yiuf attacks as he pursues you!
Crazy Yiuf hits you with a +3 quarterstaff of chaos!
* * * LOW HITPOINT WARNING * * *
You are electrocuted!
You die...

## .# ############ .#
######..........#### .#
#.##...............# .#
####'##....~~~~.~~~~~.#
########..........~≈≈~.~≈~≈~.#
###....'..........~≈≈~.~≈≈≈~.#
.....###..........~≈≈~.~~~~~.#
.....# ##.......h.~~≈~.......#
.....# #......g.)......~~~~.##
.....#########....~~~~~.~≈≈~..#
.....##...........~~≈≈~.~≈≈~..#
.....##........##.≈≈≈≈~.≈≈~~..#
.....##........##.~~~≈~.~~~~..#
.....##..>.....##.............#
.....##........##..#########..#
#######......................##


You could see Crazy Yiuf.

Vanquished Creatures
  4 yaks (D:4)
  A water moccasin (D:5)
  2 ice beasts (D:4)
  A scorpion (D:5)
  2 hounds (D:5)
  2 orc priests
  An iguana (D:4)
  A sleepcap (D:5)
  Robin (D:2)
  6 gnolls
  10 adders
  A shadow imp (D:5)
  2 worms
  3 dart slugs
  8 orcs
  7 endoplasms
  A giant cockroach (D:1)
  16 goblins
  10 hobgoblins
  3 jackals (D:5)
  5 quokkas
  2 ball pythons
  4 bats
  A frilled lizard (D:2)
  4 kobolds
  6 rats
104 creatures vanquished.

Notes
Turn   | Place    | Note
-------+----------+-------------------------------------------
     0 | D:1      | Lobster4 the Merfolk Shapeshifter began the quest for the
                  | Orb.
     0 | D:1      | Reached XP level 1. HP: 15/15 MP: 1/1
   253 | D:1      | Reached XP level 2. HP: 21/21 MP: 2/2
   758 | D:2      | Noticed Robin
   810 | D:2      | Reached XP level 3. HP: 26/27 MP: 3/3
   823 | D:2      | Killed Robin
   963 | D:2      | Reached skill level 5 in Shapeshifting
   989 | D:2      | Found a glowing golden altar of the Shining One.
  1004 | D:2      | Reached XP level 4. HP: 32/33 MP: 4/4
  1434 | D:2      | Reached XP level 5. HP: 24/39 MP: 5/5
  1895 | D:3      | Found an ornate altar of the Wu Jian Council.
  2937 | D:3      | Reached skill level 6 in Shapeshifting
  3508 | D:4      | Reached XP level 6. HP: 47/47 MP: 6/6
  3611 | D:4      | Found a snail-covered altar of Cheibriados.
  3696 | D:4      | Found a sacrificial altar of Ru.
  3807 | D:4      | Found a blossoming altar of Fedhas.
  4101 | D:4      | Found a staircase to the Ecumenical Temple.
  4161 | Temple   | Entered the Ecumenical Temple
  4379 | D:5      | Entered Level 5 of the Dungeon
  4421 | D:5      | Noticed a yak
  4560 | D:5      | Found a stormy altar of Qazlal.
  4611 | D:5      | Noticed an ice beast
  4762 | D:4      | Killed an ice beast
  4763 | D:4      | Reached skill level 5 in Unarmed Combat
  4763 | D:4      | Reached skill level 7 in Shapeshifting
  4861 | D:4      | Reached XP level 7. HP: 43/52 MP: 7/7
  5005 | D:5      | Found a shimmering blue altar of Sif Muna.
  5005 | D:5      | Found a glowing golden altar of the Shining One.
  5010 | D:5      | Became a worshipper of Sif Muna the Loreminder
  5232 | D:5      | Reached skill level 1 in Invocations
  5292 | D:5      | Noticed a yak
  5292 | D:5      | Noticed a yak
  5292 | D:5      | Noticed a yak
  5373 | D:4      | Killed a yak
  5374 | D:4      | Reached skill level 8 in Shapeshifting
  5451 | D:4      | Killed a yak
  5452 | D:4      | Reached XP level 8. HP: 38/58 MP: 9/9
  5685 | D:4      | Killed a yak
  5686 | D:4      | Reached skill level 9 in Shapeshifting
  5723 | D:4      | Killed a yak
  6065 | D:4      | Reached skill level 10 in Shapeshifting
  6257 | D:5      | Found a runed translucent door.
  6258 | D:5      | Noticed Crazy Yiuf
  6588 | D:4      | HP: 1/58 [Crazy Yiuf/+3 quarterstaff of chaos (15)]
  6588 | D:4      | Mangled by Crazy Yiuf

Illustrated notes

Levels and vault maps discovered:
D:1:      minmay_arrival_semitransparent, layout_loops_ring, st_stairs_8,
          minivault_24
D:2:      layout_basic, basic_altar, minmay_tree_intersection, uniq_robin
D:3:      layout_loops_corners, amcnicky_altar_gilded, kennysheep_small_spiral,
          nrook_campfire, chequers_avenue
D:4:      wander_river, layout_basic, cheibriados_altar_1,
          mainiacjoe_overflow_alcove_2, mainiacjoe_overflow_cross_hatched,
          minmay_temple_entry_fiery, minivault_14
D:5:      layout_loops_corners, nicolae_qazlal_general_emergency,
          gammafunk_temple_overflow_statue, uniq_crazy_yiuf_cottage
Temple:   nicolae_temple_no_exploring_needed

Skill      XL: |  1  2  3  4  5  6  7  8 |
---------------+-------------------------+-----
Dodging        | 3 |  3.0
Fighting       | 2 3 |  3.0
Shapeshifting  | 5 6 7 8 10 | 10.6
Unarmed Combat | 4 5 6 |  6.0
Invocations    | 2 3 |  3.0

Action                     |  1- 3 |  4- 6 |  7- 9 || total
---------------------------+-------+-------+-------++-------
  Melee: Whip              |    82 |       |       ||    82
         Unarmed           |     4 |       |       ||     4
         Punch             |     4 |     3 |     1 ||     8
         Club              |    19 |   128 |    24 ||   171
         Tailslap          |       |     1 |       ||     1
   Fire: Sling             |       |    54 |    78 ||   132
  Throw: Dart              |       |     9 |     5 ||    14
    Use: Scroll            |       |     9 |       ||     9
         Potion            |       |       |     1 ||     1
   Stab: Sleeping          |     1 |       |       ||     1
 Armour: Animal skin       |     6 |       |       ||     6
         Ring mail         |    51 |   112 |    29 ||   192
  Dodge: Dodged            |    77 |    97 |    29 ||   203
   Form: Beast             |     3 |     1 |       ||     4
                           |     2 |     1 |       ||     3

Table legend: (Time is in decaauts)
 A = Elapsed time spent in this place.
 B = Non-inter-level travel time spent in this place.
 C = Inter-level travel time spent in this place.
 D = Time resting spent in this place.
 E = Time spent auto-exploring this place.
 F = Levels seen in this place.
 G = Mean time per level.
                   A        B        C        D        E       F      G
               +--------+--------+--------+--------+--------+-----+--------+
         Total |   6585 |   6321 |    264 |    582 |   3928 |   6 | 1097.5 |
       Dungeon |   6583 |   6319 |    264 |    582 |   3928 |   5 | 1316.6 |
        Temple |      1 |      1 |      0 |      0 |      0 |   1 |    1.0 |
               +--------+--------+--------+--------+--------+-----+--------+

Top non-repeatable levels by time:
     D:4: 1800 daAuts
     D:5: 1584 daAuts
     D:3: 1420 daAuts
     D:1: 922 daAuts
     D:2: 854 daAuts
  Temple: 1 daAuts
